 Dungeon Crawl Stone Soup version 0.17.0-28-g6e173f8 (webtiles) character file.

38 coffecat the Firebug (level 3, -10/26 HPs)
             Began as a Demigod Fire Elementalist on Nov 26, 2015.
             Mangled by Sigmund
             ... wielding a +0 scythe
              (14 damage)
             ... on level 2 of the Dungeon.
             The game lasted 00:07:19 (1163 turns).

coffecat the Firebug (Demigod Fire Elementalist)    Turns: 1163, Time: 00:07:19

Health: -10/26     AC:  2    Str: 11    XL:     3   Next: 10%
Magic:  4/8        EV: 13    Int: 21    God:
Gold:   43         SH:  0    Dex: 16    Spells: 1 memorised, 5 levels left

rFire  . . .     SeeInvis .     f - +0 dagger
rCold  . . .     Clarity  .     a - +0 robe
rNeg   . . .     SustAt   +     (no shield)
rPois  .         Gourm    .     (no helmet)
rElec  .         Spirit   .     (no cloak)
rCorr  .         Warding  .     (no gloves)
rMut   .         Stasis   .     (no boots)
MR     .....                    (no amulet)
Stlth  ++........               (no ring)
                                (no ring)

@: very slightly contaminated, not resistant to hostile enchantments, unstealthy
A: high mp 1, sustain attributes
a: no special abilities


You were on level 2 of the Dungeon.
You were not hungry.

You visited 1 branch of the dungeon, and saw 2 of its levels.

You collected 43 gold pieces.

Inventory:

Hand Weapons
 f - a +0 dagger (weapon)
Armour
 a - a +0 robe (worn)
Jewellery
 m - an uncursed ring of positive energy {unknown}
Scrolls
 d - a scroll of magic mapping {unknown}
 e - 3 scrolls of teleportation {unknown}
 j - a scroll of blinking {unknown}
 o - a scroll of amnesia {unknown}
Potions
 g - a potion of magic {unknown}
 k - a potion of poison {unknown}
 l - a potion of mutation {unknown}
 n - a potion of agility {unknown}
Books
 b - a book of Flames

   Spells                             Type                      Level
   a - Flame Tongue                   Conjuration/Fire             1
   b - Throw Flame                    Conjuration/Fire             2
   c - Conjure Flame                  Conjuration/Fire             3
   d - Inner Flame                    Hexes/Fire                   3
   e - Sticky Flame                   Conjuration/Fire             4
   f - Fireball                       Conjuration/Fire             5
Comestibles
 c - a bread ration
 h - a meat ration
 i - 2 fruits


   Skills:
 + Level 2.1 Dodging
 + Level 2.0 Stealth
 + Level 2.0 Spellcasting
 + Level 1.0 Conjurations
 + Level 3.4 Fire Magic


You had 5 spell levels left.
You knew the following spells:

 Your Spells              Type           Power        Failure   Level  Hunger
a - Flame Tongue          Conj/Fire      ##...        8%          1    #......


Dungeon Overview and Level Annotations

Branches:
Dungeon (2/15)

Annotations:
D:2 Sigmund


Innate Abilities, Weirdness & Mutations

You have an increased reservoir of magic (+10% MP).
Your attributes are resistant to harm.


Message History

Press: ? - help, Shift-Dir - straight line, f - kobold
Aim: a kobold, wielding a whip The flame tongue hits the kobold.
You kill the kobold!
A magic dart appears from out of thin air!
The magic dart hits you! Something hits you!
Ouch! That really hurt!
* * * LOW HITPOINT WARNING * * *
Things that are here:
a whip; a kobold corpse
Casting: Flame Tongue
Confirm with . or Enter, or press ? or * to list all spells.
Aiming: Flame Tongue
Press: ? - help, Shift-Dir - straight line, f - jackal
Aim: a jackal The flame tongue hits something.
Something hits you!
Ouch! That really hurt!
You die...

#.#.# .# #.##.....
#####.#.##..# #. ##....
...@K.....h# #.#####..
r#.####(#...h..
.....##.. #†# #####
#.#...... #h# #.#...###
##.# ##.#...###
#.#.)########.........
#...@......#.......).
#..########............
### #...#
#..#####...### #.#
########## #..# #...###
#.# #.......# #..#
#...... #.# #######.#
#..# #..#### #.# #.#
#..#####..# #.# #.#
#.........# #.######
#.# #.###.###..#


You could see a jackal.

Vanquished Creatures
  An adder (D:2)
  3 oozes
  A ball python (D:1)
  A goblin (D:1)
  2 hobgoblins
  A quokka (D:2)
  A bat (D:1)
  A giant cockroach (D:2)
  A giant newt (D:1)
  2 jackals (D:2)
  3 kobolds
  A rat (D:1)
18 creatures vanquished.

Notes
Turn   | Place    | Note
--------------------------------------------------------------
     0 | D:1      | coffecat the Demigod Fire Elementalist began the quest for the Orb.
     0 | D:1      | Reached XP level 1. HP: 14/14 MP: 5/5
   119 | D:1      | Reached skill level 3 in Fire Magic
   539 | D:1      | Reached XP level 2. HP: 20/20 MP: 4/7
   598 | D:1      | Reached skill level 1 in Conjurations
   983 | D:2      | Reached XP level 3. HP: 26/26 MP: 5/8
  1149 | D:2      | Noticed Sigmund
  1163 | D:2      | Mangled by Sigmund

Action                   || total
-------------------------++-------
Melee: Unarmed           ||     2
       Dagger            ||     1
 Cast: Flame Tongue      ||    25
 Stab: Sleeping          ||     1
  Eat: Fruit             ||     1
